CBL
MEMPHIS BLUES @ CHINA GROVE SAMURAI
09/21/2053
 
TOP OF THE 1ST
Memphis Blues batting - Pitching for China Grove Samurai : RHP Chris Knop
Pitching: RHP Chris Knop
Batting: RHB Brad Benson 0-0: Called Strike
0-1: Foul Ball, location: 5DF
0-2: Strikes out swinging
Batting: RHB Chris Zickus 0-0: Swinging Strike
0-1: Ball
1-1: Ball
2-1: SINGLE (Groundball, 56S, EV 70.6 MPH) (infield hit)
Batting: SHB Jesús Escobedo 0-0: Reached on error, E6 (Groundball, 6, EV 88.8 MPH)
Chris Zickus to second
Batting: LHB Héctor García 0-0: Called Strike
0-1: Ball
1-1: Ball
2-1: Foul Ball, location: 2LF
2-2: Strikes out swinging
Batting: RHB Héctor Castro 0-0: Ball
1-0: Ground out U3 (Groundball, 3S, EV 90.0 MPH)
Top of the 1st over - 0 runs, 1 hit, 1 error, 2 left on base; Memphis 0 - China Grove 0
BOTTOM OF THE 1ST
China Grove Samurai batting - Pitching for Memphis Blues : RHP Cal Bates
Pitching: RHP Cal Bates
Batting: LHB Frank Poncherello 0-0: Called Strike
0-1: Foul Ball, location: 2F
0-2: Strikes out looking
Batting: SHB Aurelio Cruz 0-0: Fly out, F2 (Popup, 23F, EV 90.6 MPH)
Batting: RHB Anthony Bridgerton 0-0: Called Strike
0-1: Swinging Strike
0-2: Ball
1-2: Strikes out swinging
Bottom of the 1st over - 0 runs, 0 hits, 0 errors, 0 left on base; Memphis 0 - China Grove 0
TOP OF THE 2ND
Memphis Blues batting - Pitching for China Grove Samurai : RHP Chris Knop
Batting: LHB Beau Wainright 0-0: Foul Ball, location: 2F
0-1: Foul Ball, location: 2F
0-2: Strikes out swinging
Batting: RHB Greg Ohrtman 0-0: Called Strike
0-1: Foul Ball, location: 2F
0-2: Strikes out looking
Batting: LHB Will Bettelheim 0-0: Swinging Strike
0-1: Foul Ball, location: 25F
0-2: Foul Ball, location: 2F
0-2: Strikes out swinging
Top of the 2nd over - 0 runs, 0 hits, 0 errors, 0 left on base; Memphis 0 - China Grove 0
BOTTOM OF THE 2ND
China Grove Samurai batting - Pitching for Memphis Blues : RHP Cal Bates
Batting: RHB Jeff Kruty 0-0: Ball
1-0: Ground out 6-3 (Groundball, 6, EV 90.6 MPH)
Batting: LHB Alan Micchelli 0-0: Ball
1-0: Called Strike
1-1: Swinging Strike
1-2: Ball
2-2: Foul Ball, location: 2F
2-2: Ground out 5-3 (Groundball, 56, EV 100.0 MPH)
Batting: LHB Kisuke Kaneko 0-0: Ball
1-0: Called Strike
1-1: SINGLE (Flyball, 3D, EV 96.9 MPH)
Batting: RHB Rob Caryl 0-0: Foul Ball, location: 3FF
0-1: Fly out, F7 (Flyball, 7LM, EV 95.0 MPH)
Bottom of the 2nd over - 0 runs, 1 hit, 0 errors, 1 left on base; Memphis 0 - China Grove 0
TOP OF THE 3RD
Memphis Blues batting - Pitching for China Grove Samurai : RHP Chris Knop
Batting: RHB Bobby Castoro 0-0: Ball
1-0: Ball
2-0: Called Strike
2-1: Foul Ball, location: 2RF
2-2: Fly out, F9 (Flyball, 89M, EV 87.5 MPH)
Batting: RHB Brad Benson 0-0: Ball
1-0: Called Strike
1-1: Ground out 1-3 (Groundball, 15S, EV 73.1 MPH)
Batting: RHB Chris Zickus 0-0: Ground out 5-3 (Groundball, 56, EV 83.1 MPH)
Top of the 3rd over - 0 runs, 0 hits, 0 errors, 0 left on base; Memphis 0 - China Grove 0
BOTTOM OF THE 3RD
China Grove Samurai batting - Pitching for Memphis Blues : RHP Cal Bates
Batting: RHB Chris Guinter 0-0: Ball
1-0: Ball
2-0: Ground out 6-3 (Groundball, 6S, EV 69.4 MPH)
Batting: RHB Chip Kesecker 0-0: Foul Ball, location: 25F
0-1: Ball
1-1: Ground out 5-3 (Groundball, 56S, EV 91.3 MPH)
Batting: LHB Frank Poncherello 0-0: Fly out, F9 (Flyball, 9LM, EV 104.4 MPH)
Bottom of the 3rd over - 0 runs, 0 hits, 0 errors, 0 left on base; Memphis 0 - China Grove 0
TOP OF THE 4TH
Memphis Blues batting - Pitching for China Grove Samurai : RHP Chris Knop
Batting: SHB Jesús Escobedo 0-0: DOUBLE (Groundball, 3L, EV 103.1 MPH)
Batting: LHB Héctor García 0-0: Called Strike
0-1: Ball
1-1: SINGLE (Groundball, 4MD, EV 98.8 MPH)
Jesús Escobedo to third
Batting: RHB Héctor Castro 0-0: SINGLE (Groundball, 25, EV 72.5 MPH) (infield hit)
Héctor García to second
Batting: LHB Beau Wainright 0-0: Grounds into double play, 4-6-3 (Groundball, 34D, EV 77.5 MPH)
Jesús Escobedo scores
Héctor García to third
Batting: RHB Greg Ohrtman 0-0: Ball
1-0: Fly out, F8 (Flyball, 8RM, EV 86.9 MPH)
Top of the 4th over - 1 run, 3 hits, 0 errors, 1 left on base; Memphis 1 - China Grove 0
BOTTOM OF THE 4TH
China Grove Samurai batting - Pitching for Memphis Blues : RHP Cal Bates
Batting: SHB Aurelio Cruz 0-0: Foul Ball, location: 9LSFF
0-1: Ball
1-1: Called Strike
1-2: Ball
2-2: Foul Ball, location: 2F
2-2: Foul Ball, location: 9LMF
2-2: Ball
3-2: Strikes out swinging
Batting: RHB Anthony Bridgerton 0-0: Ball
1-0: Ball
2-0: Fly out, F7 (Flyball, 78M, EV 83.8 MPH)
Batting: RHB Jeff Kruty 0-0: Called Strike
0-1: Ball
1-1: Ball
2-1: Swinging Strike
2-2: Strikes out swinging
Bottom of the 4th over - 0 runs, 0 hits, 0 errors, 0 left on base; Memphis 1 - China Grove 0
TOP OF THE 5TH
Memphis Blues batting - Pitching for China Grove Samurai : RHP Chris Knop
Batting: LHB Will Bettelheim 0-0: Ground out 3-1 (Groundball, 34, EV 81.9 MPH)
Batting: RHB Bobby Castoro 0-0: SINGLE (Groundball, 56, EV 106.9 MPH)
Batting: RHB Brad Benson 0-0: Called Strike
0-1: Fly out, F3 (Line Drive, 3, EV 73.1 MPH)
Lined into DP, U3 (Line Drive, 3, EV 73.1 MPH)
Top of the 5th over - 0 runs, 1 hit, 0 errors, 0 left on base; Memphis 1 - China Grove 0
BOTTOM OF THE 5TH
China Grove Samurai batting - Pitching for Memphis Blues : RHP Cal Bates
Batting: LHB Alan Micchelli 0-0: SOLO HOME RUN (Flyball, 9D, EV 98.1 MPH), Distance : 393 ft
Batting: LHB Kisuke Kaneko 0-0: Called Strike
0-1: Swinging Strike
0-2: Strikes out swinging
Batting: RHB Rob Caryl 0-0: Ball
1-0: Called Strike
1-1: Foul Ball, location: 2F
1-2: Foul Ball, location: 2F
1-2: Foul Ball, location: 2F
1-2: DOUBLE (Line Drive, 78XD, EV 106.3 MPH)
Batting: RHB Chris Guinter 0-0: Foul Ball, location: 7LDF
0-1: SINGLE (Groundball, 6, EV 101.3 MPH)
Rob Caryl to third
Batting: RHB Chip Kesecker 0-0: Ball
1-0: Ball
2-0: Ball
3-0: Called Strike
3-1: Foul Ball, location: 2F
3-2: Base on Balls
Chris Guinter to second
Batting: LHB Frank Poncherello 0-0: Ball
1-0: Swinging Strike
1-1: Ball
2-1: Grounds into fielders choice 4-2 (Groundball, 4, EV 111.3 MPH)
Chris Guinter to third
Chip Kesecker to second
Batting: SHB Aurelio Cruz 0-0: Ball
1-0: Fly out, F9 (Flyball, 9, EV 93.1 MPH)
Bottom of the 5th over - 1 run, 3 hits, 0 errors, 3 left on base; Memphis 1 - China Grove 1
TOP OF THE 6TH
Memphis Blues batting - Pitching for China Grove Samurai : RHP Chris Knop
Batting: RHB Chris Zickus 0-0: Fly out, F9 (Line Drive, 89S, EV 93.8 MPH)
Batting: SHB Jesús Escobedo 0-0: Ball
1-0: Called Strike
1-1: Ball
2-1: Called Strike
2-2: Foul Ball, location: 2F
2-2: SINGLE (Line Drive, 9LS, EV 104.4 MPH)
Batting: LHB Héctor García 0-0: Ball
1-0: Foul Ball, location: 2F
1-1: Called Strike
1-2: Ball
2-2: Foul Ball, location: 5F
2-2: Foul Ball, location: 2F
2-2: Ball
3-2: Strikes out looking
Batting: RHB Héctor Castro 0-0: Ball
Wild Pitch!
Jesús Escobedo to second
1-0: Called Strike
1-1: Ball
2-1: SINGLE (Groundball, 56, EV 76.3 MPH)
Jesús Escobedo to third
Runner from 3rd tries for Home, SAFE, throw by LF to home
Batting: LHB Beau Wainright 0-0: Foul Ball, location: 7LMF
0-1: Ball
1-1: Swinging Strike
1-2: Foul Ball, location: 7LMF
1-2: Ball
2-2: Foul Ball, location: 23F
2-2: Foul Ball, location: 3F
2-2: Ground out 6-3 (Groundball, P, EV 85.6 MPH)
Top of the 6th over - 1 run, 2 hits, 0 errors, 1 left on base; Memphis 2 - China Grove 1
BOTTOM OF THE 6TH
China Grove Samurai batting - Pitching for Memphis Blues : RHP Cal Bates
Batting: RHB Anthony Bridgerton 0-0: Swinging Strike
0-1: Ball
1-1: Foul Ball, location: 5F
1-2: Ball
2-2: Ball
3-2: Fly out, F8 (Line Drive, 8LM, EV 96.3 MPH)
Batting: RHB Jeff Kruty 0-0: Called Strike
0-1: Ball
1-1: Ball
2-1: Ball
3-1: Foul Ball, location: 7LSF
3-2: Fly out, F1 (Popup, P, EV 73.8 MPH)
Batting: LHB Alan Micchelli 0-0: Swinging Strike
0-1: Swinging Strike
0-2: SINGLE (Groundball, 4MD, EV 97.5 MPH)
Pitching: LHP Ed Zinger
Batting: LHB Kisuke Kaneko 0-0: Ball
1-0: Swinging Strike
1-1: Called Strike
1-2: Ball
2-2: Ball
3-2: Strikes out swinging
Bottom of the 6th over - 0 runs, 1 hit, 0 errors, 1 left on base; Memphis 2 - China Grove 1
TOP OF THE 7TH
Memphis Blues batting - Pitching for China Grove Samurai : RHP Chris Knop
Batting: RHB Greg Ohrtman 0-0: Fly out, F8 (Flyball, 8RD, EV 90.6 MPH)
Batting: LHB Will Bettelheim 0-0: Foul Ball, location: 9LMF
0-1: Called Strike
0-2: Ball
1-2: Strikes out swinging
Batting: RHB Bobby Castoro 0-0: Foul Ball, location: 2F
0-1: Ball
1-1: Foul Ball, location: 9LMF
1-2: Ball
2-2: Ball
3-2: Ground out U3 (Groundball, 34S, EV 85.6 MPH)
Top of the 7th over - 0 runs, 0 hits, 0 errors, 0 left on base; Memphis 2 - China Grove 1
BOTTOM OF THE 7TH
China Grove Samurai batting - Pitching for Memphis Blues : LHP Ed Zinger
Batting: RHB Rob Caryl 0-0: Called Strike
0-1: Ball
1-1: Hit by Pitch
Batting: RHB Chris Guinter 0-0: Bunted foul
0-1: Ball
1-1: Ball
2-1: Grounds into double play, 6-4-3 (Groundball, 56, EV 100.6 MPH)
Batting: RHB Chip Kesecker 0-0: Foul Ball, location: 2F
0-1: Ball
1-1: Ball
2-1: Ball
3-1: Base on Balls
Batting: LHB Frank Poncherello 0-0: Called Strike
0-1: Ball
1-1: Ball
2-1: Foul Ball, location: 23F
2-2: Foul Ball, location: 2F
2-2: Ground out 1-3 (Groundball, 13S, EV 75.6 MPH)
Bottom of the 7th over - 0 runs, 0 hits, 0 errors, 1 left on base; Memphis 2 - China Grove 1
TOP OF THE 8TH
Memphis Blues batting - Pitching for China Grove Samurai : RHP Chris Knop
Batting: RHB Brad Benson 0-0: Ball
1-0: Called Strike
1-1: Ball
2-1: Called Strike
2-2: Ground out 5-3 (Groundball, 56S, EV 86.3 MPH)
Pitching: RHP Stan Hallet
Batting: RHB Chris Zickus 0-0: Ball
1-0: Called Strike
1-1: Ball
2-1: Swinging Strike
2-2: Strikes out looking
Batting: SHB Jesús Escobedo 0-0: Foul Ball, location: 2RF
0-1: Called Strike
0-2: Ball
1-2: Ball
2-2: Strikes out swinging
Top of the 8th over - 0 runs, 0 hits, 0 errors, 0 left on base; Memphis 2 - China Grove 1
BOTTOM OF THE 8TH
China Grove Samurai batting - Pitching for Memphis Blues : LHP Ed Zinger
Batting: SHB Aurelio Cruz 0-0: Foul Ball, location: 2F
0-1: Called Strike
0-2: Ball
1-2: Foul Ball, location: 9LDF
1-2: Fly out, F3 (Popup, 3L, EV 54.4 MPH)
Batting: RHB Anthony Bridgerton 0-0: Ball
1-0: Ball
2-0: SINGLE (Line Drive, 7LM, EV 108.1 MPH)
Batting: RHB Jeff Kruty 0-0: Ball
1-0: Ball
2-0: Called Strike
2-1: Swinging Strike
2-2: Fly out, F1 (Line Drive, P, EV 66.3 MPH)
Pitching: RHP Sheridon Raffles
Batting: LHB Alan Micchelli 0-0: Called Strike
0-1: Ball
1-1: Foul Ball, location: 2F
1-2: Ball
2-2: Fielders Choice at 2nd, 6-4 (Groundball, 6, EV 80.6 MPH)
Bottom of the 8th over - 0 runs, 1 hit, 0 errors, 1 left on base; Memphis 2 - China Grove 1
TOP OF THE 9TH
Memphis Blues batting - Pitching for China Grove Samurai : RHP Stan Hallet
Batting: LHB Héctor García 0-0: Ball
1-0: Called Strike
1-1: Foul Ball, location: 2F
1-2: Ball
2-2: Ball
3-2: Fly out, F7 (Flyball, 7D, EV 94.4 MPH)
Batting: RHB Héctor Castro 0-0: Ball
1-0: Ball
2-0: DOUBLE (Line Drive, 89XD, EV 99.4 MPH)
Batting: LHB Beau Wainright 0-0: Intentional Walk
Pinch Hitting: LHB Dan Gaccione 0-0: Ball
1-0: Ball
2-0: Foul Ball, location: 2RF
2-1: Called Strike
2-2: Foul Ball, location: 2F
2-2: Ball
3-2: Strikes out looking
Batting: LHB Will Bettelheim 0-0: Swinging Strike
0-1: Called Strike
0-2: Ball
1-2: Fly out, F9 (Flyball, 89S, EV 95.0 MPH)
Top of the 9th over - 0 runs, 1 hit, 0 errors, 2 left on base; Memphis 2 - China Grove 1
BOTTOM OF THE 9TH
China Grove Samurai batting - Pitching for Memphis Blues : RHP Sheridon Raffles
Now at 2B: José Ulibarri
Now in LF: Dominic Sackett Jr.
Now in CF: Dan Gaccione
Batting: LHB Kisuke Kaneko 0-0: Ball
1-0: Ball
2-0: Called Strike
2-1: Ground out 2-3 (Groundball, 15S, EV 70.0 MPH)
Batting: RHB Rob Caryl 0-0: Ball
1-0: Ball
2-0: Ball
3-0: Called Strike
3-1: Fly out, F9 (Flyball, 9LM, EV 94.4 MPH)
Pinch Hitting: LHB Conan Hasselberger 0-0: Fly out, F6 (Popup, 6M, EV 62.5 MPH)
Bottom of the 9th over - 0 runs, 0 hits, 0 errors, 0 left on base; Memphis 2 - China Grove 1
Sunday, April 14th , 2024 - OOTP Baseball 24.11 Build 85